 Dungeon Crawl Stone Soup version 0.26-a0-540-g8a0c9464d7 (webtiles) character file.

Game seed: 17564768443382938381

3248 Apogee the Grappler (level 9, 0/83 HPs)
             Began as a Ghoul Monk on Aug 20, 2020.
             Was an Elder of Okawaru.
             Slain by an orc warrior
             ... wielding a +0 flail
              (11 damage)
             ... on level 9 of the Dungeon on Aug 21, 2020.
             The game lasted 00:11:07 (7580 turns).

Apogee the Grappler (Ghoul Monk)                    Turns: 7580, Time: 00:11:08

Health: 0/83       AC: 14    Str: 18    XL:     9   Next: 99%
Magic:  8/8        EV:  6    Int: 11    God:    Okawaru [****..]
Gold:   348        SH:  0    Dex: 11    Spells: 8/8 levels left

rFire    . . .     SeeInvis .     - Unarmed
rCold    + . .     Faith    .   (no shield)
rNeg     + + +     Spirit   .   h - +0 plate armour
rPois    ∞         Reflect  .   f - +0 helmet
rElec    .         Harm     .   m - +0 cloak
rCorr    .                      (no gloves)
MR       .....                  (no boots)
Stlth    ..........             (no amulet)
HPRegen  0.00/turn              E - +6 ring of intelligence
MPRegen  0.11/turn              (no ring)

@: no status effects
A: rotting body, claws 1, cold resistance 1, negative energy resistance 3,
inhibited regeneration, torment resistance, unbreathing
a: Heroism, Renounce Religion


You were on level 9 of the Dungeon.
You worshipped Okawaru.
Okawaru was greatly pleased with you.
You visited 1 branch of the dungeon, and saw 9 of its levels.

You collected 576 gold pieces.
You spent 228 gold pieces at shops.

Inventory:

Missiles
 b - 286 stones (quivered)
Armour
 a - the +3 leather armour "Fuih" {+Blink rN+ MR++ Stlth-}
   (You found it on level 7 of the Dungeon)

   It protects you from negative energy.
   It affects your resistance to hostile enchantments.
   It lets you blink.
   It makes you less stealthy.
 f - a +0 helmet (worn)
   (You found it on level 5 of the Dungeon)
 h - a +0 plate armour (worn)
   (You found it on level 1 of the Dungeon)
 m - a +0 cloak (worn)
   (You found it on level 2 of the Dungeon)
 w - a scarf of invisibility
   (You found it on level 5 of the Dungeon)
 B - the +1 chain mail "Utitikka" {rN+}
   (You bought it in a shop on level 6 of the Dungeon)

   It protects you from negative energy.
Jewellery
 u - an uncursed ring of flight
   (You took it off an orc on level 5 of the Dungeon)
 E - a +6 ring of intelligence (left claw)
   (You found it on level 7 of the Dungeon)
Wands
 t - a wand of flame (18)
   (You found it on level 6 of the Dungeon)
 v - a wand of digging (5)
   (You found it on level 7 of the Dungeon)
 x - a wand of acid (10)
   (You found it on level 6 of the Dungeon)
Scrolls
 c - a scroll of noise {unknown}
 e - 5 scrolls of magic mapping
 j - 10 scrolls of remove curse {@r2}
 k - 3 scrolls of enchant weapon
 l - 2 scrolls of blinking
 o - 3 scrolls of teleportation {@r4}
 q - 2 scrolls of enchant armour
 r - a scroll of amnesia {unknown}
 s - 2 scrolls of immolation {!r}
 y - a scroll of vulnerability {unknown}
 A - a scroll of fear {unknown}
 D - a scroll of fog {unknown}
Potions
 d - 3 potions of curing {@q1}
 g - a potion of might
 i - 2 potions of stabbing
 n - a potion of cancellation
 p - a potion of degeneration {unknown}
 z - a potion of lignification
 C - 3 potions of flight {unknown}


   Skills:
 + Level 9.3 Fighting
 + Level 4.3 Armour
 - Level 2.6 Dodging
 - Level 2.1 Stealth
 + Level 11.3 Unarmed Combat


You had 8 spell levels left.
You didn't know any spells.
Your spell library contained the following spells:

 Spells                   Type           Power        Failure   Level
 Animate Skeleton         Necr           #.....       100%        1
 Apportation              Tloc           #.....       100%        1
 Corona                   Hex            #......      100%        1
 Summon Small Mammal      Summ           #...         100%        1
 Confusing Touch          Hex            #.......     100%        3
 Gell's Gravitas          Tloc           #.........   100%        3
 Petrify                  Tmut/Erth      #.......     100%        4
 Metabolic Englaciation   Hex/Ice        #.........   100%        5
 Yara's Violent Unravell  Hex/Tmut       #.........   100%        5


Dungeon Overview and Level Annotations

Branches:
Dungeon (9/15)             Temple (0/1) D:5             Orc (0/2) D:9
   Lair: D:8-11

Altars:
Okawaru
Beogh

Shops:
D:6 [


Innate Abilities, Weirdness & Mutations

Your body is rotting away.
You thrive by killing the living.
You are immune to poison.
You have sharp fingernails.
Your flesh is cold resistant. (rC+)
You are immune to negative energy. (rN+++)
You do not regenerate when monsters are visible.
You are immune to unholy pain and torment.
You can survive without breathing.


Message History

You barely miss the orc warrior.
Your plate armour prevents you from hitting the orc warrior.
The orc warrior hits you with a +0 flail.
You closely miss the orc warrior.
The orc wizard mumbles some strange words.
The orc wizard blinks!
The orc priest hits you but does no damage.
The orc warrior hits you with a +0 flail!
You scratch the orc warrior but do no damage.
The orc priest hits you but does no damage.
You scratch the orc warrior but do no damage.
The orc warrior hits you but does no damage.
You barely miss the orc warrior. The orc priest barely misses you.
The orc wizard gestures at you while chanting.
The magic dart hits you.
The orc warrior hits you but does no damage.
You closely miss the orc warrior.
The orc priest hits you but does no damage.
You closely miss the orc warrior.
The orc warrior hits you with a +0 flail!
* * * LOW HITPOINT WARNING * * *
The orc priest hits you.
* * * LOW HITPOINT WARNING * * *
You are too injured to fight recklessly!
You claw the orc priest! The orc warrior barely misses you.
The orc priest barely misses you.
You scratch the orc priest. You barely miss the orc priest.
The orc wizard points at you and mumbles some strange words.
The magic dart hits you but does no damage.
The orc priest begins to cast a cantrip, but forgets the words!
The orc warrior hits you with a +0 flail.
* * * LOW HITPOINT WARNING * * *
You claw the orc priest!
You kill the orc priest!
Okawaru accepts your kill.
The orc warrior hits you with a +0 flail!
* * * LOW HITPOINT WARNING * * *
You scratch the orc warrior.
The orc wizard casts a spell.
The orc wizard blinks!
You scratch the orc warrior but do no damage.
The orc warrior hits you with a +0 flail!
* * * LOW HITPOINT WARNING * * *
The orc wizard casts a spell at you. The magic dart hits you.
* * * LOW HITPOINT WARNING * * *
You scratch the orc warrior.
The orc warrior hits you with a +0 flail!
You die...

#..# ##+####### #.##
#?.......# #.#
#........# ###'####
#........# #......#
#........# #......#
#...o....######......###
#.<....[.##...'......'..
#.....§@.##.###......##.
#.....o.>#..# #......##.
'........'.## #......###
#........### #......#
########## ########


You could see an orc warrior and an orc wizard.

Vanquished Creatures
  A hippogriff (D:9)
  A wyvern (D:8)
  Menkaure (D:5)
  A black bear (D:7)
  An orc warrior (D:9)
  A phantom (D:7)
  A sky beast (D:6)
  2 ogres
  2 centaurs
  5 bullfrogs
  A gnoll sergeant (D:8)
  3 scorpions
  8 wights (D:8)
  A howler monkey (D:4)
  A bullfrog zombie (D:6)
  3 hounds
  A centaur zombie (D:7)
  8 orc priests
  11 orc wizards
  A bullfrog skeleton (D:5)
  4 iguanas
  2 worker ants
  3 hound skeletons
  A worker ant zombie (D:5)
  8 adders
  4 gnolls (D:8)
  3 shadow imps
  4 white imps
  An ufetubus (D:7)
  A dart slug (D:1)
  5 leopard geckos
  43 orcs
  10 bats
  3 giant cockroaches
  7 goblins
  8 hobgoblins
  5 jackals
  9 kobolds
  4 quokkas
  A ball python (D:3)
  12 frilled lizards
  2 leopard gecko skeletons
  6 rats
200 creatures vanquished.

Notes
Turn   | Place    | Note
-------+----------+-------------------------------------------
     0 | D:1      | Apogee the Ghoul Monk began the quest for the Orb.
     0 | D:1      | Reached XP level 1. HP: 19/19 MP: 0/0
   200 | D:1      | Reached XP level 2. HP: 20/26 MP: 1/1
   652 | D:1      | Reached skill level 4 in Unarmed Combat
   895 | D:1      | Reached XP level 3. HP: 33/33 MP: 2/2
  1225 | D:2      | Found an iron altar of Okawaru.
  1320 | D:2      | Became a worshipper of Warmaster Okawaru
  1320 | D:2      | Reached * piety under Okawaru
  1320 | D:2      | Reached ** piety under Okawaru
  1343 | D:2      | Reached XP level 4. HP: 37/40 MP: 3/3
  1844 | D:3      | Reached skill level 5 in Unarmed Combat
  2458 | D:3      | HP: 1/40 [leopard gecko (3)]
  2684 | D:4      | Reached XP level 5. HP: 44/47 MP: 4/4
  2715 | D:4      | Noticed an ogre
  2722 | D:4      | Killed an ogre
  2722 | D:4      | Reached skill level 6 in Unarmed Combat
  2793 | D:4      | Reached XP level 6. HP: 44/55 MP: 5/5
  3382 | D:5      | Entered Level 5 of the Dungeon
  3395 | D:4      | Reached skill level 5 in Fighting
  3636 | D:5      | Noticed Menkaure
  3640 | D:5      | Killed Menkaure
  3640 | D:5      | Reached skill level 7 in Unarmed Combat
  3640 | D:5      | Reached XP level 7. HP: 51/61 MP: 6/6
  3742 | D:5      | Reached *** piety under Okawaru
  3957 | D:5      | Reached skill level 8 in Unarmed Combat
  4085 | D:5      | Found a staircase to the Ecumenical Temple.
  4424 | D:6      | Reached XP level 8. HP: 69/71 MP: 7/7
  4572 | D:6      | Found Xar Igie's Antique Armour Boutique.
  4577 | D:6      | Reached skill level 9 in Unarmed Combat
  4619 | D:6      | Bought a faintly humming chain mail for 228 gold pieces
  4629 | D:6      | Identified the cursed +1 chain mail "Utitikka" {rN+} (You
                  | bought it in a shop on level 6 of the Dungeon)
  5305 | D:7      | Got a faintly glowing leather armour
  5316 | D:7      | Identified the +3 leather armour "Fuih" {+Blink rN+ MR++
                  | Stlth-} (You found it on level 7 of the Dungeon)
  5357 | D:7      | Reached skill level 10 in Unarmed Combat
  5462 | D:7      | Reached **** piety under Okawaru
  5466 | D:7      | Reached skill level 1 in Armour
  5683 | D:7      | Reached XP level 9. HP: 79/80 MP: 8/8
  7277 | D:9      | Reached skill level 11 in Unarmed Combat
  7468 | D:9      | Found a staircase to the Orcish Mines.
  7503 | D:9      | Found a roughly hewn altar of Beogh.
  7580 | D:9      | Slain by an orc warrior

Illustrated notes

Levels and vault maps discovered:
D:1:      dpeg_arrival_renting, layout_basic, minmay_3d_cube
D:2:      layout_basic, okawaru_ov_weapons_minmay
D:3:      layout_basic
D:4:      layout_gridville
D:5:      layout_cave_pools, minmay_temple_entry_glassed_door, uniq_menkaure
D:6:      layout_loops_cross, serial_shops, nicolae_shop_overgrown_old_shop
D:7:      layout_basic
D:8:      layout_cave_pods, minmay_misc_feat_columns
D:9:      layout_roguey, minmay_orc_entry_temple_small, uniq_pikel

Skill      XL: |  1  2  3  4  5  6  7  8  9 |
---------------+----------------------------+-----
Unarmed Combat | 4 5 6 7 8 10 11 | 11.3
Fighting       | 4 5 6 7 9 |  9.3
Armour         | 1 4 |  4.3
Dodging        | |  2.6
Stealth        | |  2.1

Action                   |  1- 3 |  4- 6 |  7- 9 || total
-------------------------+-------+-------+-------++-------
Melee: Unarmed           |   116 |   169 |   400 ||   685
       Punch             |       |     4 |     8 ||    12
Invok: Heroism           |       |     2 |       ||     2
  Use: Potion            |       |     2 |       ||     2
       Scroll            |       |       |    12 ||    12
 Stab: Sleeping          |     3 |       |       ||     3
Armor: Robe              |    30 |       |       ||    30
       Ring mail         |     3 |    59 |       ||    62
       Chain mail        |       |    30 |    62 ||    92
       Leather armour    |       |       |    18 ||    18
       Plate armour      |       |       |   115 ||   115
Dodge: Dodged            |    90 |   123 |   118 ||   331

Table legend: (Time is in decaauts)
 A = Elapsed time spent in this place.
 B = Non-inter-level travel time spent in this place.
 C = Inter-level travel time spent in this place.
 D = Time resting spent in this place.
 E = Time spent auto-exploring this place.
 F = Levels seen in this place.
 G = Mean time per level.
                   A        B        C        D        E       F      G
               +--------+--------+--------+--------+--------+-----+--------+
         Total |   7483 |   7282 |    201 |    413 |   5510 |   9 |  831.4 |
       Dungeon |   7483 |   7282 |    201 |    413 |   5510 |   9 |  831.4 |
               +--------+--------+--------+--------+--------+-----+--------+

Top non-repeatable levels by time:
     D:8: 1237 daAuts
     D:4: 990 daAuts
     D:7: 941 daAuts
     D:1: 920 daAuts
     D:3: 885 daAuts
     D:2: 778 daAuts
     D:6: 736 daAuts
     D:5: 686 daAuts
     D:9: 306 daAuts
